 Seeded DCSS version 0.28.0-62-gf88900778d (webtiles) character file.

Game seed: 12995869965760334564 (custom seed)

99 Mickster the Ruffian (level 4, -2/35 HPs)
             Began as a Demigod Transmuter on Mar 31, 2023.
             Killed from afar by a white imp (5 damage)
             ... with a puff of frost
             ... summoned by Natasha
             ... on level 2 of the Dungeon.
             The game lasted 00:17:48 (2497 turns).

Mickster the Ruffian (Demigod Transmuter)           Turns: 2497, Time: 00:17:49

Health: -2/35      AC: 15    Str: 15    XL:     4   Next: 22%
Magic:  9/9        EV:  7    Int: 15    God:
Gold:   97         SH:  0    Dex: 14    Spells: 4/6 levels left

rFire   . . .      SeeInvis .   j - +2 dagger (protect)
rCold   + . .      Faith    .   (no shield)
rNeg    . . .      Spirit   .   k - +0 chain mail
rPois   .          Reflect  .   (no helmet)
rElec   .          Harm     .   (no cloak)
rCorr   .          Rampage  .   (no gloves)
Will    .....                   (no boots)
Stlth   ..........              f - amulet of magic regeneration
HPRegen 0.11/turn               g - ring of protection from cold
MPRegen 0.51/turn               (no ring)

@: under a protective aura
A: high MP 1, forlorn, divine attributes
a: no special abilities


You were on level 2 of the Dungeon.
You visited 1 branch of the dungeon, and saw 2 of its levels.

You collected 97 gold pieces.

Inventory:

Hand Weapons
 d - a +0 hunting sling
 h - a +0 flail
 j - a +2 dagger of protection (weapon)
Missiles
 b - 12 sling bullets
 c - 6 poisoned darts (quivered)
 o - 15 bolts
 r - 5 stones
Armour
 a - a +0 robe
 k - a +0 chain mail (worn)
Magical Staves
 e - a staff of fire
Jewellery
 f - an amulet of magic regeneration (around neck)
 g - a ring of protection from cold (left hand)
Wands
 q - a wand of polymorph (1)
Scrolls
 i - 2 scrolls of identify
 n - a scroll of fog {unknown}
 s - 2 scrolls of silence {unknown}
Potions
 l - a potion of cancellation {unknown}
 p - a potion of resistance {unknown}


   Skills:
 * Level 1.1 Fighting
 * Level 0.5 Short Blades
 + Level 0.6 Staves
 + Level 2.4 Dodging
 + Level 0.3 Stealth
 * Level 3.1 Unarmed Combat
 + Level 1.9 Spellcasting
 * Level 0.2 Conjurations
 + Level 2.0 Transmutations
 * Level 1.0 Fire Magic
 * Level 0.6 Air Magic
 * Level 0.9 Evocations


You had 4 spell levels left.
You knew the following spells:

 Your Spells              Type           Power      Damage    Failure   Level
a - Beastly Appendage     Tmut           14%        N/A       94%         1
b - Shock                 Conj/Air       8%         1d3       99%         1

Your spell library contained the following spells:

 Spells                   Type           Power      Damage    Failure   Level
 Wereblood                Tmut           7%         N/A       98%         2
 Call Canine Familiar     Summ           1%         N/A       100%        3
 Portal Projectile        Hex/Tloc       2%         N/A       100%        3
 Spider Form              Tmut/Pois      4%         N/A       100%        3
 Swiftness                Air            3%         N/A       100%        3
 Airstrike                Air            1%         N/A       100%        4
 Ice Form                 Ice/Tmut       4%         N/A       100%        4
 Leda's Liquefaction      Hex/Erth       0%         N/A       100%        4


Dungeon Overview and Level Annotations

Branches:
Dungeon (2/15)

Annotations:
D:2 Jessica, Natasha


Innate Abilities, Weirdness & Mutations

You have an increased reservoir of magic. (+10% MP)
You shall have no god before yourself.
Your divine heritage dramatically boosts your attributes as you level up.


Message History

* * * LOW HITPOINT WARNING * * *
You completely miss the white imp. The white imp hits you.
* * * LOW HITPOINT WARNING * * *
The white imp freezes you. You resist.
* * * LOW HITPOINT WARNING * * *
Natasha claws you but does no damage.
You hit the white imp.
The white imp is lightly wounded.
You hit the white imp.
The white imp is lightly wounded.
The white imp hits you but does no damage.
Natasha claws you but does no damage.
You hit the white imp.
The white imp is heavily wounded.
The white imp hits you but does no damage.
Natasha barely misses you.
You barely miss the white imp.
The white imp is heavily wounded.
The white imp barely misses you. Natasha claws you but does no damage.
You closely miss the white imp.
The white imp is heavily wounded.
The white imp hits you but does no damage.
Natasha claws you but does no damage.
Jessica casts a spell.
Jessica blinks!
You closely miss the white imp.
The white imp is heavily wounded.
The white imp barely misses you. Natasha barely misses you.
You hit the white imp but do no damage.
The white imp is heavily wounded.
The white imp hits you.
* * * LOW HITPOINT WARNING * * *
The white imp freezes you. You resist.
* * * LOW HITPOINT WARNING * * *
Natasha claws you but does no damage.
You closely miss Natasha. Your punch misses Natasha.
Natasha is moderately wounded.
The white imp gestures at you. The puff of frost hits you. You resist.
You die...

.......# .......#
.......#
.......###########
#........
.......'.........#
#.....h.##
.......#########.#
#........#
.......#
#.#.+........
.......#
#5#.#..r...#
########
#@#..<.....#
#h###......#
#ยง..r......#
#####......#
######.# #


You could see Natasha and a white imp (summoned).

Vanquished Creatures
  Terence (D:2)
  3 adders (D:2)
  A worm (D:2)
  A dart slug (D:2)
  5 endoplasms
  3 giant cockroaches (D:1)
  5 goblins
  5 hobgoblins
  2 jackals (D:2)
  2 kobolds
  3 ball pythons
  2 bats (D:2)
  2 frilled lizards
  4 rats
39 creatures vanquished.

Notes
Turn   | Place    | Note
-------+----------+-------------------------------------------
     0 | D:1      | Mickster the Demigod Transmuter began the quest for the
                  | Orb.
     0 | D:1      | Reached XP level 1. HP: 15/15 MP: 5/5
   424 | D:1      | Learned a level 1 spell: Shock
   620 | D:1      | Reached XP level 2. HP: 9/22 MP: 7/7
   680 | D:1      | Reached skill level 3 in Unarmed Combat
  1270 | D:2      | Reached skill level 1 in Fighting
  1736 | D:2      | Reached XP level 3. HP: 7/28 MP: 8/8
  2122 | D:2      | Noticed Terence
  2138 | D:2      | Killed Terence
  2139 | D:2      | Reached skill level 1 in Fire Magic
  2248 | D:2      | Reached XP level 4. HP: 17/35 MP: 9/9
  2472 | D:2      | Noticed Jessica
  2475 | D:2      | Noticed Natasha
  2497 | D:2      | Killed from afar by a white imp

Illustrated notes

Levels and vault maps discovered:
D:1:      lightli_arrival_statue_moat, layout_loops_cross
D:2:      layout_basic, hellmonk_ecumenical_altar_crossroads, uniq_terence,
          uniq_natasha, uniq_jessica

Skill      XL: |  1  2  3 |
---------------+----------+-----
Unarmed Combat | 3 |  3.1
Fighting       | 1 |  1.1
Dodging        | 2 |  2.4
Transmutations | 2 |  2.0
Fire Magic     | 1 |  1.0
Short Blades   | |  0.5
Staves         | |  0.6
Stealth        | |  0.3
Spellcasting   | |  1.9
Conjurations   | |  0.2
Air Magic      | |  0.6
Evocations     | |  0.9

Action                   |  1- 3 |  4- 6 || total
-------------------------+-------+-------++-------
Melee: Staff             |    39 |       ||    39
       Unarmed           |     5 |       ||     5
       Kick              |    14 |       ||    14
       Headbutt          |     6 |       ||     6
       Dagger            |    75 |    42 ||   117
       Punch             |     6 |     1 ||     7
 Cast: Beastly Appendage |    10 |       ||    10
  Use: Scroll            |     3 |       ||     3
       Potion            |     2 |     1 ||     3
 Stab: Sleeping          |     1 |       ||     1
Armor: Robe              |    28 |       ||    28
       Chain mail        |    28 |    51 ||    79
Dodge: Dodged            |    72 |    21 ||    93
